 Dungeon Crawl Stone Soup version 0.31-a0-366-ga77b45bd9b (webtiles) character file.

Game seed: 6129384273818928698

10322 AdnanSaban the Basher (level 11, -2/69 HPs)
             Began as a Gargoyle Fighter on July 28, 2023.
             Was a High Priest of Okawaru.
             Slain by a troll (4 damage)
             ... on level 11 of the Dungeon.
             The game lasted 00:13:05 (9777 turns).

AdnanSaban the Basher (Gargoyle Fighter)            Turns: 9777, Time: 00:13:05

Health: -2/69      AC: 26    Str: 23    XL:     11   Next: 60%
Magic:  0/14       EV:  7    Int: 10    God:    Okawaru [*****.]
Gold:   559        SH:  5    Dex:  9    Spells: 10/10 levels left

rFire   . . .        w - +2 whip (venom)
rCold   . . .        c - +0 buckler
rNeg    + . .        x - +0 plate armour
rPois   ∞            g - +0 helmet
rElec   +            (no cloak)
rCorr   .            G - +0 pair of gloves
SInv    .            H - +0 pair of boots
Will    .....        e - amulet of guardian spirit Stlth
                     k - +4 ring of slaying
HPRegen 0.31/turn    (no ring)
MPRegen 0.14/turn

%: guardian spirit
@: marked
A: sickness immunity, AC +8, negative energy resistance 1, electricity
resistance, torment resistance 1, petrification resistance
a: Renounce Religion, Heroism, Finesse, Duel


You were on level 11 of the Dungeon.
You worshipped Okawaru.
Okawaru was extremely pleased with you.
You visited 2 branches of the dungeon, and saw 12 of its levels.
You also visited: Sewer.

You collected 559 gold pieces.

Inventory:

Hand Weapons
 w - a +2 whip of venom (weapon)
 y - a +0 morningstar
Missiles
 s - 3 throwing nets
 t - 8 poisoned darts
 B - 4 javelins
 N - 3 silver javelins
 O - 2 boomerangs of dispersal
 P - 4 boomerangs (quivered)
Armour
 c - a +0 buckler (worn)
 g - a +0 helmet (worn)
 x - a +0 plate armour (worn)
 G - a +0 pair of gloves (worn)
 H - a +0 pair of boots (worn)
Jewellery
 e - an amulet of guardian spirit (around neck)
 k - a +4 ring of slaying (left hand)
 Q - the amulet "Riulug" {Acrobat rPois rC+ Str-4 Dex+3}
   (You found it on level 10 of the Dungeon)

   [amulet of the acrobat]

   It increases your evasion while moving and waiting.
   Str:       It affects your strength (-4).
   Dex:       It affects your dexterity (+3).
   rC:        It protects you from cold.
   rPois:     It protects you from poison.
 R - a ring of see invisible
Wands
 l - a wand of paralysis (12)
 v - a wand of mindburst (19)
 K - a wand of polymorph (14)
Scrolls
 a - a scroll of fear {unknown}
 b - 2 scrolls of noise {unknown}
 h - 4 scrolls of teleportation {unknown}
 i - 6 scrolls of identify {unknown}
 j - 3 scrolls of brand weapon {unknown}
 p - 7 scrolls of immolation {unknown}
 r - 2 scrolls of revelation {unknown}
 z - 2 scrolls of vulnerability {unknown}
 D - a scroll of fog {unknown}
 F - a scroll of enchant weapon {unknown}
 I - 2 scrolls of acquirement {unknown}
 M - 2 scrolls of enchant armour {unknown}
Potions
 d - 3 potions of might
 f - 2 potions of cancellation {unknown}
 m - 3 potions of enlightenment {unknown}
 n - 2 potions of curing {unknown}
 o - 5 potions of brilliance {unknown}
 q - 3 potions of haste {unknown}
 u - 2 potions of invisibility {unknown}
 A - 2 potions of ambrosia {unknown}
 C - 5 potions of mutation {unknown}
 E - 2 potions of magic {unknown}
 J - 2 potions of heal wounds {unknown}
 L - a potion of resistance {unknown}


   Skills:
 + Level 8.4 Fighting
 + Level 11.3 Maces & Flails
 + Level 3.7 Throwing
 + Level 9.2 Armour
 + Level 2.7 Dodging
 + Level 7.3 Shields
 * Level 4.9 Invocations


You had 10 spell levels left.
You didn't know any spells.
Your spell library contained the following spells:

 Spells                   Type           Power      Damage    Failure   Level
 Kiss of Death            Conj/Necr      0%         2d5       99%         1
 Sting                    Tmut/Pois      0%         1d3       99%         1
 Poisonous Vapours        Pois/Air       0%         N/A       100%        2
 Static Discharge         Conj/Air       0%         2-2/arc   100%        2
 Wereblood                Tmut           0%         N/A       100%        2
 Confusing Touch          Hex            0%         N/A       100%        3
 Ignite Poison            Fire/Tmut/Pois 0%         N/A       100%        3
 Airstrike                Air            0%         2d(0-16)  100%        4
 Dispel Undead            Necr           0%         3d6       100%        4
 Olgreb's Toxic Radiance  Pois           0%         N/A       100%        4
 Freezing Cloud           Conj/Ice/Air   0%         6-21      100%        5
 Cigotuvi's Dreadful Rot  Necr/Pois/Air  Unusable   N/A       N/A         2
 Sublimation of Blood     Necr           Unusable   N/A       N/A         2
 Summon Lightning Spire   Summ/Air       Unusable   N/A       N/A         4
 Summon Hydra             Summ           Unusable   N/A       N/A         7

Dungeon Overview and Level Annotations

Branches:
Dungeon (11/15)            Temple (1/1) D:5            Lair (0/5) D:11
  Sewer (visited)
    Orc: D:9-12

Altars:
Ashenzari
Cheibriados
Dithmenos
Elyvilon
Fedhas
Gozag
Hepliaklqana
Kikubaaqudgha
Makhleb
Nemelex Xobeh
Okawaru
Qazlal
Ru
Sif Muna
Trog
Uskayaw
Vehumet
Wu Jian
Xom
Yredelemnul
Zin
The Shining One

Shops:
D:2 :   D:4 *   D:5 *

Portals:
Trove: D:10 (show abyssal rune of Zot)


Innate Abilities, Weirdness & Mutations

You are immune to sickness and miasma.
Your stone body is resilient. (AC +8)
You are immune to poison.
You resist negative energy. (rN+)
You are resistant to electric shocks. (rElec)
You are resistant to unholy torment.
You are immune to petrification.


Message History

The howler monkey hoots and howls with incredible vigour!
You hit the killer bee but do no damage.
The killer bee is poisoned.
The killer bee is heavily wounded.
The killer bee stings you.
The two-headed ogre hits you with a +0 giant club.
The two-headed ogre hits you with a +0 great mace of protection.
The howler monkey hoots and howls with incredible vigour!
The killer bee stings you.
A black bear comes into view.
You hit the killer bee.
The killer bee looks even sicker.
The killer bee is almost dead.
The killer bee stings you but does no damage.
You whack the killer bee!
You kill the killer bee!
Okawaru accepts your kill. You block the two-headed ogre's attack.
The two-headed ogre hits you with a +0 great mace of protection!
* * * LOW HITPOINT WARNING * * *
The vampire gestures wildly while chanting.
The vampire flickers and vanishes!
Deactivating autopickup; reactivate with Ctrl-A.
You see here a killer bee corpse.
You block the troll's attack. The troll claws you.
* * * LOW HITPOINT WARNING * * *
The troll claws you but does no damage.
Unknown command.
You completely miss the troll.
The howler monkey hoots and howls with incredible vigour!
You whack the troll!
The troll is poisoned.
The troll is moderately wounded.
The troll bites you but does no damage.
The troll claws you but does no damage. x2
The two-headed ogre hits you with a +0 giant club!
* * * LOW HITPOINT WARNING * * *
You block the two-headed ogre's attack.
You whack the troll!
The troll looks as sick as possible!
The troll is heavily wounded.
The troll bites you but does no damage. The troll claws you but does no damage.
The troll claws you.
You die...

............# #.###.P..
............# #........
............# #..# ...
.......<....# #..###..
............# #....h(P
............# ##......
............### ######.#....
....>.........########{h....#.#..
........##.....T@OF††Yhhh..######
.....####....############...#
#######.....## #.....# ##....###
#.....# ###....## ...#...#
##....### #..###.... ##....## ..#
#.... .....## #.. .... ...### ..#
...


You could see a two-headed ogre, a yak, a troll (extremely poisoned), a black
bear, a bullfrog and 2 howler monkeys.

Vanquished Creatures
  Erica (D:10)
  2 two-headed ogres (D:10)
  Pikel (D:6)
  A cyclops (D:11)
  Joseph (D:7)
  Maggie (D:7)
  2 trolls
  Grinder (Sewer)
  Sigmund (D:4)
  A vampire (D:10)
  15 yaks
  A wyvern (D:8)
  Duvessa (D:7)
  2 acid dragons
  2 water moccasins
  2 ice beasts
  5 ogres
  A phantom (D:6)
  4 centaurs
  A lemure (D:6)
  2 kobold brigands
  4 bullfrogs
  2 scorpions
  Dowan (D:7)
  18 killer bees
  2 howler monkeys
  2 quasits (Sewer)
  3 hounds
  A jelly (D:7)
  A gnoll bouda (D:5)
  An orc priest (D:5)
  2 sleepcaps (D:5)
  An iguana (D:6)
  8 orc wizards
  6 gnolls
  12 adders
  4 shadow imps
  A white imp (D:5)
  3 ufetubi
  3 worms (D:6)
  4 dart slugs
  19 orcs
  4 bats
  6 endoplasms
  3 giant cockroaches (Sewer)
  12 goblins
  4 hobgoblins
  6 jackals
  11 ball pythons
  2 frilled lizards (D:3)
  A giant cockroach zombie (Sewer)
  25 kobolds
  2 kobold zombies (Sewer)
  8 rats
230 creatures vanquished.

Vanquished Creatures (others)
  An endoplasm (Sewer)
1 creature vanquished.

Grand Total: 231 creatures vanquished

Notes
Turn   | Place    | Note
-------+----------+-------------------------------------------
     0 | D:1      | AdnanSaban the Gargoyle Fighter began the quest for the
                  | Orb.
     0 | D:1      | Reached XP level 1. HP: 14/14 MP: 1/1
   120 | D:1      | Reached XP level 2. HP: 10/19 MP: 2/2
  1006 | D:2      | Reached XP level 3. HP: 23/23 MP: 3/3
  1351 | D:2      | Reached XP level 4. HP: 24/29 MP: 4/4
  1403 | D:2      | Reached skill level 3 in Maces & Flails
  1580 | D:2      | Noticed a walking earthen tome
  1583 | D:2      | Found Ducimauv's Book Shop.
  1586 | D:2      | Noticed a walking frostbound tome
  1938 | D:3      | Reached XP level 5. HP: 33/33 MP: 5/5
  2312 | D:4      | Reached skill level 4 in Maces & Flails
  2331 | D:4      | Found a radiant altar of Vehumet.
  2422 | D:4      | Noticed Sigmund
  2461 | D:4      | Killed Sigmund
  2462 | D:4      | Reached skill level 1 in Dodging
  2462 | D:4      | Reached XP level 6. HP: 15/38 MP: 6/6
  2698 | D:4      | Found Uhok's Mass Market.
  2772 | D:4      | Reached XP level 7. HP: 6/44 MP: 7/7
  3114 | D:4      | Reached skill level 5 in Maces & Flails
  3321 | D:5      | Entered Level 5 of the Dungeon
  3377 | D:5      | Reached skill level 5 in Armour
  3482 | D:5      | Found a staircase to the Ecumenical Temple.
  3489 | Temple   | Entered the Ecumenical Temple
  3495 | Temple   | Became a worshipper of Warmaster Okawaru
  3733 | D:5      | Reached XP level 8. HP: 48/48 MP: 8/8
  3910 | D:5      | Reached skill level 6 in Maces & Flails
  3924 | D:5      | Found an ornate altar of the Wu Jian Council.
  4284 | D:5      | Found Jergh's General Store.
  4294 | D:5      | Reached skill level 5 in Fighting
  4392 | D:6      | Reached * piety under Okawaru
  4488 | D:6      | Found a glowing drain.
  4493 | D:6      | Reached skill level 5 in Shields
  4512 | Sewer    | Entered a sewer
  4682 | Sewer    | Found a burning altar of Makhleb.
  4761 | Sewer    | Reached skill level 7 in Maces & Flails
  4811 | Sewer    | Noticed Grinder
  4813 | Sewer    | Paralysed by Grinder for 3 turns
  4823 | Sewer    | Killed Grinder
  4823 | Sewer    | Reached ** piety under Okawaru
  5035 | D:6      | Reached XP level 9. HP: 46/55 MP: 6/9
  5361 | D:6      | Noticed Pikel
  5395 | D:6      | Killed Pikel
  5396 | D:6      | Reached skill level 8 in Maces & Flails
  5396 | D:6      | Reached skill level 1 in Throwing
  6021 | D:7      | Noticed Joseph
  6181 | D:7      | Killed Joseph
  6181 | D:7      | Reached *** piety under Okawaru
  6285 | D:7      | Noticed Dowan
  6288 | D:7      | Reached skill level 9 in Maces & Flails
  6301 | D:7      | Noticed Maggie
  6307 | D:7      | Killed Dowan
  6475 | D:7      | Killed Maggie
  6476 | D:7      | Reached XP level 10. HP: 13/61 MP: 3/10
  6664 | D:7      | Noticed Duvessa
  6699 | D:7      | Killed Duvessa
  6892 | D:7      | Reached **** piety under Okawaru
  7305 | D:8      | Found a hazy altar of Hepliaklqana.
  7305 | D:8      | Found a stormy altar of Qazlal.
  7391 | D:8      | Reached skill level 10 in Maces & Flails
  7400 | D:8      | Received a gift from Okawaru
  8231 | D:9      | Identified the +0 robe "Horirij" {Slay+6}
  8385 | D:9      | Reached skill level 1 in Invocations
  8469 | D:10     | Entered Level 10 of the Dungeon
  8469 | D:10     | Noticed Erica
  8491 | D:10     | Killed Erica
  8491 | D:10     | Reached ***** piety under Okawaru
  8491 | D:10     | Received a gift from Okawaru
  8648 | D:10     | Identified the amulet "Riulug" {Acrobat rPois rC+ Str-4
                  | Dex+3}
  8719 | D:10     | Noticed a two-headed ogre
  8731 | D:10     | Killed a two-headed ogre
  8732 | D:10     | Reached XP level 11. HP: 56/68 MP: 9/12
  8908 | D:10     | Found a portal to a secret trove of treasure.
  9051 | D:10     | Noticed a two-headed ogre
  9066 | D:10     | Killed a two-headed ogre
  9067 | D:10     | Reached skill level 11 in Maces & Flails
  9313 | D:10     | Found a sparkling altar of Nemelex Xobeh.
  9518 | D:11     | Received a gift from Okawaru
  9736 | D:11     | Noticed a cyclops
  9739 | D:11     | Noticed a two-headed ogre
  9740 | D:11     | Found a staircase to the Lair.
  9753 | D:11     | Killed a cyclops
  9776 | D:11     | HP: 1/69 [two-headed ogre/+0 giant club (12)]
  9777 | D:11     | Slain by a troll

Illustrated notes

Levels and vault maps discovered:
D:1:      dpeg_arrival_houses_and_road, layout_basic, minmay_misc_feat_tiny
D:2:      layout_loops_ring, serial_shops, nicolae_shop_mannequins
D:3:      layout_basic
D:4:      layout_rooms, fiery_altar_vehumet, minmay_shop_mass,
          kennysheep_path_1, grunt_ministairs_2, uniq_sigmund
D:5:      layout_layer_cave, overflow_temple_1_default, temple_green,
          serial_shops, shop
D:6:      layout_basic, cheibrodos_sewer_entry_drain, uniq_pikel
D:7:      layout_rooms, uniq_maggie, uniq_joseph, uniq_duvessa
D:8:      layout_basic, mainiacjoe_overflow_large_starburst
D:9:      layout_cross, serial_column_ruins, column_ruins_hut_pillars,
          column_ruins_grid_1, column_ruins_columns_water,
          column_ruins_open_tiny, column_ruins_columns_straight,
          column_ruins_open_tiny_water
D:10:     layout_roguey, lemuel_tele_altar, nicolae_trove_entry_free_sample,
          uniq_erica
D:11:     layout_cave_pods, due_lair_maze_entry_diamond, serial_column_ruins,
          column_ruins_hut, column_ruins_temple_circle, column_ruins_grid_1,
          column_ruins_columns_corner, column_ruins_columns_straight,
          st_stairs_8, uniq_urug
Temple:   sentei_temple_godly_chess

Skill      XL: |  1  2  3  4  5  6  7  8  9 10 11 |
---------------+----------------------------------+-----
Maces & Flails | 3 4 5 7 9 10 11 | 11.3
Shields        | 4 5 6 7 |  7.3
Fighting       | 4 5 6 8 |  8.4
Armour         | 4 5 6 7 8 9 |  9.2
Dodging        | 1 2 |  2.7
Throwing       | 2 3 |  3.7
Invocations    | 2 4 |  4.9

Action                     |  1- 3 |  4- 6 |  7- 9 | 10-12 || total
---------------------------+-------+-------+-------+-------++-------
  Melee: Flail             |   122 |   224 |    80 |       ||   426
         Whip              |       |       |   266 |   402 ||   668
         Morningstar       |       |       |    32 |       ||    32
         Unarmed           |       |       |    23 |       ||    23
  Throw: Dart              |       |       |    21 |     9 ||    30
         Boomerang         |       |       |       |    16 ||    16
 Armour: Scale mail        |    73 |   186 |    18 |       ||   277
         Chain mail        |       |       |    35 |       ||    35
         Plate armour      |       |       |   186 |   237 ||   423
         Skin              |       |       |     2 |       ||     2
  Dodge: Dodged            |    61 |   125 |   116 |    94 ||   396
  Block: Buckler           |    36 |    52 |    72 |    74 ||   234

Table legend: (Time is in decaauts)
 A = Elapsed time spent in this place.
 B = Non-inter-level travel time spent in this place.
 C = Inter-level travel time spent in this place.
 D = Time resting spent in this place.
 E = Time spent auto-exploring this place.
 F = Levels seen in this place.
 G = Mean time per level.
                   A        B        C        D        E       F      G
               +--------+--------+--------+--------+--------+-----+--------+
         Total |   9678 |   9422 |    256 |    748 |   6470 |  13 |  744.5 |
       Dungeon |   9194 |   8938 |    256 |    748 |   6187 |  11 |  835.8 |
        Temple |     16 |     16 |      0 |      0 |      0 |   1 |   16.0 |
         Sewer |    466 |    466 |      0 |      0 |    283 |   1 |  466.0 |
               +--------+--------+--------+--------+--------+-----+--------+

Top non-repeatable levels by time:
     D:6: 1220 daAuts
     D:4: 1068 daAuts
     D:5: 1048 daAuts
     D:7: 1032 daAuts
     D:1: 987 daAuts
     D:8: 916 daAuts
    D:10: 867 daAuts
     D:2: 748 daAuts
     D:3: 614 daAuts
   Sewer: 466 daAuts
    D:11: 356 daAuts
     D:9: 335 daAuts
  Temple: 16 daAuts
